 Dungeon Crawl Stone Soup version 0.19.1 (webtiles) character file.

148 LadySerpentine the Chiller (level 5, -12/38 HPs)
             Began as a Draconian Ice Elementalist on Dec 1, 2016.
             Killed by divine providence
             ... invoked by an orc priest
              (18 damage)
             ... on level 4 of the Dungeon.
             The game lasted 00:29:16 (3490 turns).

LadySerpentine the Chiller (DrIE)                   Turns: 3490, Time: 00:29:17

Health: -12/38     AC:  7    Str: 11    XL:     5   Next: 8%
Magic:  2/9        EV: 12    Int: 16    God:
Gold:   146        SH:  0    Dex: 11    Spells: 3 memorised, 4 levels left

rFire  . . .     SeeInvis .     g - +1 dagger (freeze)
rCold  . . .     Gourm    .     (armour unavailable)
rNeg   . . .     Faith    .     (no shield)
rPois  .         Spirit   .     (helmet restricted)
rElec  .         Reflect  .     j - +1 cloak
rCorr  +         Harm     +     (no gloves)
MR     .....                    (no boots)
Stlth  ++........               h - amulet of harm
                                (no ring)
                                i - ring of resist corrosion

@: very slightly contaminated
A: unfitting armour, cold-blooded, AC +5
a: no special abilities


You were on level 4 of the Dungeon.
You were not hungry.

You visited 1 branch of the dungeon, and saw 4 of its levels.

You collected 146 gold pieces.

Inventory:

Hand Weapons
 f - a +0 short sword
 g - a +1 dagger of freezing (weapon)
 v - a +0 club
Missiles
 c - 52 bolts
 d - 117 arrows
 A - 15 poisoned needles
Armour
 j - a +1 cloak (worn)
 r - a +0 buckler
 w - a +0 robe
 E - a +0 chain mail
Jewellery
 h - an amulet of harm (around neck)
 i - a ring of resist corrosion (left hand)
Wands
 k - a wand of flame (29/48)
 t - a wand of teleportation (5/9)
Scrolls
 m - a scroll of fog
 p - a scroll of amnesia
 y - 4 scrolls of remove curse {unknown}
 B - 2 scrolls of enchant armour {unknown}
 C - a scroll of enchant weapon {unknown}
 F - a scroll of identify
Potions
 e - a potion of mutation {unknown}
 l - a potion of brilliance {unknown}
 n - 2 potions of heal wounds {unknown}
 s - a potion of flight {unknown}
 u - a potion of lignification {unknown}
 z - a potion of curing {unknown}
 D - a potion of degeneration {unknown}
Books
 a - a book of Frost

   Spells                             Type                      Level
   a - Freeze                         Ice                          1
   b - Throw Frost                    Conjuration/Ice              2
   c - Ozocubu's Armour               Charms/Ice                   3
   d - Throw Icicle                   Conjuration/Ice              4
   e - Summon Ice Beast               Ice/Summoning                4
 x - a book of Maledictions

   Spells                             Type                      Level
   a - Corona                         Hexes                        1
   b - Ensorcelled Hibernation        Hexes/Ice                    2
   c - Confuse                        Hexes                        3
   d - Tukima's Dance                 Hexes                        3
   e - Dazzling Spray                 Conjuration/Hexes            3
Comestibles
 b - a bread ration
 o - 6 fruits
 q - a meat ration


   Skills:
 - Level 0.2 Short Blades
 + Level 2.7 Dodging
 + Level 2.7 Stealth
 * Level 3.2 Spellcasting
 + Level 1.0 Conjurations
 + Level 3.7 Ice Magic


You had 4 spell levels left.
You knew the following spells:

 Your Spells              Type           Power        Failure   Level  Hunger
a - Freeze                Ice            ##..         4%          1    None
b - Throw Frost           Conj/Ice       ##....       12%         2    ##.....
c - Ozocubu's Armour      Chrm/Ice       #.......     28%         3    ###....


Dungeon Overview and Level Annotations

Branches:
Dungeon (4/15)
 Temple: D:4-7

Altars:
Dithmenos
Qazlal
Ru
Trog
Zin


Innate Abilities, Weirdness & Mutations

Your plain brown scales are hard. (AC +5)
You cannot fit into any form of body armour.
You are cold-blooded and may be slowed by cold attacks.


Message History

The orc priest calls upon Beogh to heal the orc.
The orc's wounds heal themselves!
The orc hits you with a dagger.
You closely miss the orc. You tail-slap the orc.
The orc is almost dead.
The orc hits you but does no damage.
You hit the orc. You freeze the orc.
You kill the orc!
The orc priest invokes the aid of Beogh against you.
Beogh smites you!
You hit the orc. You freeze the orc.
The orc is heavily wounded.
The orc priest calls down the wrath of Beogh upon you.
Beogh smites you! The orc hits you but does no damage.
You hit the orc. You freeze the orc.
The orc is almost dead.
The orc hits you with a whip.
* * * LOW HITPOINT WARNING * * *
The orc priest invokes the aid of Beogh against you.
Beogh smites you!
You die...

#. #.. #.# #.# #. #.. #.#
#.# ####. #... ... #.###
..## ##...##.# ....# ##.#
#.....#.# ###.#.# ###...
........# ##.#.#.# #....#
........####....#.####.####
......[oo.@..............#.
........####....#.#.##.#.#.
.......## ##.....#.##.#.#.
#.....# ##..###.##.#.##
##...# #......##.#.## ##+#
#.#######..... #.# ###>##
#.# #.... #..##


You could see an orc priest and an orc.

Vanquished Creatures
  Jessica (D:2)
  A howler monkey skeleton (D:4)
  4 adders
  An ooze (D:1)
  2 worms
  2 dart slugs
  2 leopard geckos
  3 orcs (D:4)
  4 bats
  7 giant cockroaches
  4 goblins
  8 hobgoblins
  4 jackals (D:3)
  A quokka (D:3)
  A ball python (D:1)
  4 kobolds
  A quokka skeleton (D:3)
  4 rats
54 creatures vanquished.

Notes
Turn   | Place    | Note
-------+----------+-------------------------------------------
     0 | D:1      | LadySerpentine the Draconian Ice Elementalist began the quest for the Orb.
     0 | D:1      | Reached XP level 1. HP: 14/14 MP: 3/3
     2 | D:1      | Noticed a gargoyle
     2 | D:1      | Noticed a human
     8 | D:1      | Noticed an ogre
     8 | D:1      | Noticed a naga
    12 | D:1      | Noticed a ghoul
    14 | D:1      | Noticed a demigod
    14 | D:1      | Noticed a vampire
    16 | D:1      | Noticed a formicid
    16 | D:1      | Noticed an elf
    18 | D:1      | Noticed a spriggan
    18 | D:1      | Noticed a tengu
    20 | D:1      | Noticed a minotaur
    20 | D:1      | Noticed a halfling
    22 | D:1      | Noticed a dwarf
    22 | D:1      | Noticed a merfolk
    28 | D:1      | Noticed a troll
    28 | D:1      | Noticed a demonspawn
    54 | D:1      | Noticed an octopode
    56 | D:1      | Noticed a draconian
    56 | D:1      | Noticed a vine stalker
    58 | D:1      | Noticed a felid
    58 | D:1      | Noticed a centaur
   356 | D:1      | Reached XP level 2. HP: 13/20 MP: 0/5
  1285 | D:2      | Reached XP level 3. HP: 25/26 MP: 6/6
  1294 | D:2      | Learned a level 2 spell: Throw Frost
  1894 | D:2      | Noticed Jessica
  2189 | D:2      | Reached XP level 4. HP: 31/33 MP: 5/8
  2198 | D:2      | Learned a level 3 spell: Ozocubu's Armour
  2234 | D:2      | Killed Jessica
  2976 | D:3      | Found a sacrificial altar of Ru.
  3259 | D:4      | Found a bloodstained altar of Trog.
  3279 | D:4      | Found a shadowy altar of Dithmenos.
  3288 | D:4      | Found a stormy altar of Qazlal.
  3296 | D:4      | Found a glowing silver altar of Zin.
  3438 | D:4      | Reached XP level 5. HP: 37/38 MP: 9/9
  3490 | D:4      | Killed from afar by an orc priest

Skill      XL: |  1  2  3  4 |
---------------+-------------+-----
Dodging        | 2 |  2.7
Stealth        | 2 |  2.7
Spellcasting   | 3 |  3.2
Short Blades   | |  0.2
Conjurations   | |  1.0
Ice Magic      | |  3.7

Action                   |  1- 3 |  4- 6 || total
-------------------------+-------+-------++-------
Melee: Dagger            |    64 |    66 ||   130
       Unarmed           |     1 |       ||     1
       Tailslap          |     1 |     8 ||     9
 Cast: Freeze            |    34 |     7 ||    41
       Throw Frost       |       |    11 ||    11
  Use: Scroll            |     8 |       ||     8
 Stab: Sleeping          |     4 |     4 ||     8
       Distracted        |       |     1 ||     1
  Eat: Chunk             |     3 |       ||     3
       Bread ration      |     1 |     1 ||     2
Armor: Skin              |    29 |    22 ||    51
Dodge: Dodged            |    51 |    29 ||    80
